AoeStats
← Weed420cheese

Northern Isles

510608336Analyzed
1v1 RM · 22h ago on Oct 1, 2026· 36m 43s· 2 players
Game mode
Random Map
Map size
Tiny (2 player)
Population
200
Speed
Normal
Resources
Standard
Victory
Conquest
Starting age
Dark Age
Ending age
Imperial Age
RankedLock teamsTeams togetherTeam positionsShared explorationLock speedFull tech treeHidden civsTurbo modeCheats
Victory
Defeat
🇵🇪 Koreans · Peru
840
+17
🇧🇪 Japanese · Belgium
865
-17
Nacho
6:07 Loom
11:53 Feudal Age
14:43 Double-Bit Axe
15:48 Stone Mining
16:42 Forging
16:38 Scale Barding Armor
20:34 Fletching
21:37 Horse Collar
25:33 Castle Age
23:20 Man-at-Arms
24:47 Scale Mail Armor
26:20 Long Swordsman
28:06 Bodkin Arrow
28:57 Squires
29:23 Gold Mining
31:45 Husbandry
31:06 Light Cavalry
35:03 Iron Casting
36:55 Wheelbarrow
Weed420cheese
12:22 Feudal Age
12:58 Double-Bit Axe
13:58 Wheelbarrow
14:48 Fishing Lines
18:20 Loom
23:55 Castle Age
23:05 Fletching
23:30 Forging
23:24 Padded Archer Armor
24:44 Bodkin Arrow
25:21 Bow Saw
25:26 Gillnets
28:25 Medium Warships
30:26 Arson
36:54 Scale Mail Armor
Connection lost

Rejoining the realm…

Still unreachable

The connection could not be restored.

Session expired

The server has moved on; the page needs a fresh start.